 Dungeon Crawl Stone Soup version 0.23.1-38-g628c18f (webtiles) character file.

Game seed: 882771389498874933

109 dvd the Charmwright (level 4, -1/34 HPs)
             Began as a Demonspawn Skald on Mar 28, 2019.
             Was a Follower of Makhleb.
             Slain by Natasha (2 damage)
             ... on level 3 of the Dungeon.
             The game lasted 00:05:43 (2732 turns).

dvd the Charmwright (Demonspawn Skald)              Turns: 2732, Time: 00:05:44

Health: -1/34      AC:  5    Str: 13    XL:     4   Next: 59%
Magic:  0/7        EV: 12    Int: 14    God:    Makhleb [*.....]
Gold:   119        SH:  0    Dex: 12    Spells: 2/7 levels left

rFire    . . .     SeeInvis .   a - +0 hand axe
rCold    . . .     Gourm    .   (no shield)
rNeg     . . .     Faith    .   b - +0 leather armour
rPois    .         Spirit   +   (no helmet)
rElec    .         Reflect  .   q - scarf {cloud immunity}
rCorr    .         Harm     .   (no gloves)
MR       .....                  (no boots)
Stlth    +.........             (no amulet)
HPRegen  0.11/turn              (no ring)
MPRegen  0.10/turn              (no ring)

@: infused (expiring), very slightly contaminated
A: slimy green scales 1, magic shield
a: Renounce Religion


You were on level 3 of the Dungeon.
You worshipped Makhleb.
Makhleb was aware of your devotion.
You were not hungry.

You visited 1 branch of the dungeon, and saw 3 of its levels.

You collected 119 gold pieces.

Inventory:

Hand Weapons
 a - a +0 hand axe (weapon)
 i - a +1 spear of pain
Armour
 b - a +0 leather armour (worn)
 p - a +0 scale mail
 q - a scarf of cloud immunity (worn)
Magical Staves
 n - an uncursed staff of death
Scrolls
 c - a scroll of identify {unknown}
 f - a scroll of remove curse {unknown}
 k - 2 scrolls of teleportation {unknown}
 o - a scroll of enchant armour {unknown}
 r - 2 scrolls of noise {unknown}
 s - 2 scrolls of enchant weapon {unknown}
 u - a scroll of fear {unknown}
Potions
 e - a potion of degeneration {unknown}
 g - 2 potions of brilliance {unknown}
 h - 2 potions of heal wounds {unknown}
 l - 2 potions of might {unknown}
 m - 2 potions of agility {unknown}
 t - a potion of curing {unknown}
 v - a potion of magic {unknown}
Comestibles
 d - 4 rations
 j - 2 chunks of flesh


   Skills:
 + Level 2.5 Fighting
 + Level 2.5 Axes
 + Level 1.5 Armour
 + Level 2.5 Dodging
 + Level 0.2 Stealth
 + Level 2.3 Spellcasting
 + Level 3.2 Charms


You had 2 spell levels left.
You knew the following spells:

 Your Spells              Type           Power        Failure   Level  Hunger
a - Infusion              Chrm           ##..         8%          1    #......
b - Song of Slaying       Chrm           ##......     12%         2    ###....
c - Shroud of Golubria    Chrm/Tloc      #.........   22%         2    ###....

Your spell library contained the following spells:

 Spells                   Type           Power        Failure   Level  Hunger
 Regeneration             Chrm/Necr      #.........   41%         3    ###....
 Spectral Weapon          Hex/Chrm       #.......     41%         3    ###....


Dungeon Overview and Level Annotations

Branches:
Dungeon (3/15)

Altars:
Makhleb

Annotations:
D:3 Natasha


Innate Abilities, Weirdness & Mutations

You are partially covered in slimy green scales. (AC +2)
When hurt, damage is shared between your health and your magic reserves.


Message History

Natasha claws you but does no damage.
You barely miss Natasha.
Natasha is heavily wounded.
You hit the white imp but do no damage. x2; The white imp closely misses you.
Natasha claws you.
The white imp hits you but does no damage. x2
You hit Natasha.
Natasha is almost dead.
You hit the white imp but do no damage. x2
The white imp gestures at you. The puff of frost hits you! Natasha claws you.
* * * LOW HITPOINT WARNING * * *
The white imp gestures at you. The puff of frost hits you.
* * * LOW HITPOINT WARNING * * *
You closely miss Natasha.
Natasha is almost dead.
You closely miss the white imp. You hit the white imp but do no damage.
Natasha claws you.
You die...

....# ....# ..
....# #. ....#
.####### ...##
#......# ....#
#..?...# ....#
##......# ....#
.##.h55..# ....#
#.# ##@.# ....#
###..# #..## ...##
#...####..# ...#
###.###.....#
##.###...##......#
#..##.###.......#
##.......>..>...#
###.####.......#
#...........##


You could see Natasha and 2 white imps.

Vanquished Creatures
  3 adders (D:2)
  2 worms (D:2)
  3 dart slugs
  5 leopard geckos
  A ball python (D:1)
  4 bats (D:1)
  2 giant cockroaches (D:1)
  7 hobgoblins
  8 jackals
  11 kobolds
  3 frilled lizards (D:1)
  8 goblins
  6 rats
63 creatures vanquished.

Notes
Turn   | Place    | Note
-------+----------+-------------------------------------------
     0 | D:1      | dvd the Demonspawn Skald began the quest for the Orb.
     0 | D:1      | Reached XP level 1. HP: 16/16 MP: 3/3
   129 | D:1      | Gained mutation: You are partially covered in slimy green
                  | scales. (AC +2) [demonic ancestry]
   129 | D:1      | Reached XP level 2. HP: 9/22 MP: 5/5
   360 | D:1      | Reached skill level 3 in Charms
   642 | D:1      | Learned a level 2 spell: Song of Slaying
   645 | D:1      | Learned a level 2 spell: Shroud of Golubria
   759 | D:1      | Reached skill level 1 in Armour
   839 | D:1      | Gained mutation: When hurt, damage is shared between your
                  | health and your magic reserves. [demonic ancestry]
   839 | D:1      | Reached XP level 3. HP: 12/27 MP: 3/6
  1676 | D:2      | Reached XP level 4. HP: 33/33 MP: 7/7
  2192 | D:2      | Found a faded altar of an unknown god.
  2205 | D:2      | Became a worshipper of Makhleb the Destroyer
  2205 | D:2      | Reached * piety under Makhleb
  2719 | D:3      | Noticed Natasha
  2731 | D:3      | HP: 1/34 [white imp/puff of frost[Natasha] (6)]
  2732 | D:3      | Slain by Natasha

Skill      XL: |  1  2 |
---------------+-------+-----
Charms         | 3 |  3.2
Axes           | 2 |  2.5
Armour         | 1 |  1.5
Dodging        | 2 |  2.5
Fighting       | |  2.5
Stealth        | |  0.2
Spellcasting   | |  2.3

Action                   |  1- 3 |  4- 6 || total
-------------------------+-------+-------++-------
Melee: Hand axe          |   143 |    94 ||   237
 Cast: Infusion          |     7 |     1 ||     8
       Song of Slaying   |     1 |     1 ||     2
       Shroud of Golubri |     2 |     7 ||     9
  Eat: Chunk             |     3 |     4 ||     7
Armor: Leather armour    |    48 |    31 ||    79
Dodge: Dodged            |   121 |    80 ||   201
